 Dungeon Crawl Stone Soup version 0.28-a0-563-gf77a47075d (webtiles) character file.

Game seed: 5663274538428321229

240298 Zenkrye the Devastator (level 18, 0/206 HPs)
             Began as a Demigod Conjurer on Sept 29, 2021.
             Slain by a vault warden (7 damage)
             ... on level 4 of the Vaults.
             The game lasted 03:40:35 (44777 turns).

Zenkrye the Devastator (Demigod Conjurer)          Turns: 44777, Time: 03:40:36

Health: 0/206      AC: 35    Str: 12    XL:     18   Next: 34%
Magic:  17/39      EV: 15    Int: 40    God:
Gold:   2464       SH: 14    Dex: 12    Spells: 5/41 levels left

rFire   . . .      SeeInvis +   D - +4 eveningstar (freeze)
rCold   . . .      Faith    .   Y - +2 kite shield
rNeg    + . .      Spirit   .   (armour currently unavailable)
rPois   ∞          Reflect  .   a - +2 helmet {SInv}
rElec   +          Harm     .   L - +2 cloak {Will+}
rCorr   .          Rampage  .   (gloves currently unavailable)
Will    +++..                   (boots currently unavailable)
Stlth   ++........              e - amulet of magic regeneration
HPRegen 0.44/turn               F - ring of willpower
MPRegen 0.51/turn               o - ring of poison resistance

@: statue-form, very slow
A: slow and powerful, torment resistance 1, boosted hp, high mp 1, forlorn,
deformed body
}: 1/15 runes: serpentine
a: End Transformation


You were on level 4 of the Vaults.
You were a living statue of rough stone.
You visited 5 branches of the dungeon, and saw 31 of its levels.

You collected 4449 gold pieces.
You spent 1985 gold pieces at shops.

Inventory:

Hand Weapons
 D - a +4 eveningstar of freezing (weapon)
Missiles
 m - 19 javelins
 G - 5 curare-tipped darts (quivered)
 T - 3 boomerangs of dispersal
Armour
 a - a +2 helmet of see invisible (worn)
 b - a scarf of repulsion
 f - a +1 pair of gloves (melded)
 j - a +1 pair of boots (melded)
 p - a +2 troll leather armour (melded) {Snorg}
 C - +4 storm dragon scales {Bai Suzhen}
 L - a +2 cloak of willpower (worn)
 Y - a +2 kite shield (worn)
Magical Staves
 H - a staff of fire
Jewellery
 c - a ring of ice
 e - an amulet of magic regeneration (around neck)
 h - an amulet of regeneration
 n - a ring of positive energy
 o - a ring of poison resistance (right fist)
 r - a ring of resist corrosion
 F - a ring of willpower (left fist)
Wands
 q - a wand of mindburst (4)
 y - a wand of digging (15) {@v1}
 z - a wand of flame (47)
 A - a wand of paralysis (16)
 M - a wand of acid (9) {@v2}
 P - a wand of iceblast (19) {@v4}
 Z - a wand of polymorph (24)
Scrolls
 i - 11 scrolls of identify {@r1}
 l - 3 scrolls of magic mapping
 v - 6 scrolls of teleportation {@r3}
 K - 5 scrolls of fear
 Q - a scroll of blinking {@r4}
 S - 4 scrolls of immolation
 V - a scroll of fog
Potions
 d - a potion of invisibility
 g - 3 potions of brilliance
 s - a potion of resistance {@q6}
 t - 2 potions of magic
 u - 6 potions of might {@q4}
 x - 4 potions of flight
 B - a potion of cancellation
 J - 11 potions of haste {@q3}
 N - 8 potions of mutation
 O - 5 potions of curing {@q1}
Miscellaneous
 I - a phial of floods
 W - a box of beasts
 X - a phantom mirror


   Skills:
 + Level 13.8 Fighting
 + Level 5.7 Maces & Flails
 - Level 10.0 Dodging
 - Level 2.0 Stealth
 + Level 12.8 Shields
 - Level 12.0 Spellcasting
 - Level 15.0 Conjurations
 - Level 5.0 Hexes
 - Level 3.0 Translocations
 - Level 8.0 Transmutations
 - Level 5.0 Fire Magic
 - Level 3.0 Air Magic
 - Level 10.0 Earth Magic
 - Level 5.0 Poison Magic


You had 5 spell levels left.
You knew the following spells:

 Your Spells              Type           Power      Damage    Failure   Level
a - Statue Form           Tmut/Erth      51%        N/A       7%          6
b - Iron Shot             Conj/Erth      44%        9d9       1%          6
c - Fulminant Prism       Conj/Hex       40%        3d20      1%          4
d - Ignite Poison         Fire/Tmut/Pois 64%        N/A       1%          3
e - Olgreb's Toxic Radia  Pois           59%        N/A       2%          4
f - Starburst             Conj/Fire      40%        6d12      4%          6
g - Swiftness             Air            48%        N/A       1%          3
q - Iskenderun's Mystic   Conj/Tloc      77%        2d15      1%          4

Your spell library contained the following spells:

 Spells                   Type           Power      Damage    Failure   Level
 Magic Dart               Conj           100%       1d8       0%          1
 Searing Ray              Conj           100%       2d8       0%          2
 Freeze                   Ice            96%        1d11      1%          1
 Shock                    Conj/Air       100%       1d9       1%          1
 Sting                    Tmut/Pois      100%       1d8       1%          1
 Ensorcelled Hibernation  Hex/Ice        88%        N/A       1%          2
 Poisonous Vapours        Pois/Air       100%       N/A       1%          2
 Conjure Flame            Conj/Fire      81%        6-21      1%          3
 Dazzling Flash           Conj/Hex       100%       N/A       1%          3
 Gell's Gravitas          Tloc           24%        N/A       1%          3
 Lesser Beckoning         Tloc           48%        N/A       1%          3
 Mephitic Cloud           Conj/Pois/Air  71%        N/A       1%          3
 Portal Projectile        Hex/Tloc       100%       N/A       1%          3
 Spider Form              Tmut/Pois      33%        N/A       1%          3
 Teleport Other           Tloc           48%        N/A       1%          3
 Hailstorm                Conj/Ice       71%        3d15      1%          4
 Leda's Liquefaction      Hex/Erth       35%        N/A       1%          4
 Sticky Flame             Conj/Fire      81%        2d9       1%          4
 Blade Hands              Tmut           36%        N/A       1%          5
 Irradiate                Conj/Tmut      43%        3d28      1%          5
 Iskenderun's Battlesphe  Conj           97%        2d14      1%          5
 Call Imp                 Summ           24%        N/A       2%          2
 Animate Armour           Summ/Erth      100%       N/A       2%          4
 Ice Form                 Ice/Tmut       54%        N/A       3%          4
 Alistair's Intoxication  Tmut/Pois      44%        N/A       3%          5
 Call Canine Familiar     Summ           24%        N/A       5%          3
 Frozen Ramparts          Ice            48%        1d6       5%          3
 Airstrike                Air            24%        N/A       5%          4
 Borgnjor's Vile Clutch   Necr/Erth      29%        N/A       7%          5
 Summon Ice Beast         Ice/Summ       24%        N/A       19%         4
 Eringya's Noxious Bog    Tmut/Pois      33%        N/A       21%         6
 Dragon Form              Tmut           36%        N/A       52%         7
 Spellforged Servitor     Conj/Summ      35%        N/A       58%         7
 Shatter                  Erth           40%        3d32*     100%        9


Dungeon Overview and Level Annotations

Branches:
Dungeon (15/15)            Temple (0/1) D:7            Lair (6/6) D:8
 Shoals (0/4) Lair:3        Snake (4/4) Lair:2        Slime (0/5) Lair:5
    Orc (2/2) D:9             Elf (0/3) Orc:2        Vaults (4/5) D:13
 Depths (0/4) D:15
  Crypt: Vaults:2-3

Shops:
D:10 *   Orc:1 [   Orc:2 !*:[   Snake:1 [   Snake:2 =::   Snake:3 ([:[
Vaults:2 [

Portals:
Pandemonium: Orc:2

Annotations:
D:5 3 runed translucent doors, Rennog's ghost, novice NaFi; SkeletonJelly's ghost, novice VSTm
D:10 Harold
D:12 3 runed translucent doors, Sisadib's ghost, journeyman TeBe
D:13 4 runed translucent doors
D:15 2 runed translucent doors, Hefyucuh's ghost, journeyman DECj
Lair:5 exclusion: 2 oklob plants
Snake:4 1 runed translucent door, SkeletonJelly's ghost, adept MfCK
Vaults:2 Mennas
Vaults:3 Mara


Innate Abilities, Weirdness & Mutations

You are a living statue of rough stone.
Your actions are slow, but your melee attacks are powerful.
You are resistant to unholy torment.
Your maximum health is greatly increased.
You are immune to poison.
Your equipment is partially melded.
Your attributes grow dramatically as you level up.
You have an increased reservoir of magic. (+10% MP)
You shall have no god before yourself.
Armour fits poorly on your strangely shaped body.


Message History

Your sphinx hits the dire elephant!
Your wizard casts a spell.
Your wizard flickers and vanishes for a moment.
The dire elephant tramples your sphinx!!!
Your sphinx holds its ground!
The dire elephant trunk-slaps your sphinx!
The vault guard hits your wizard with a +0 long sword.
Your yaktaur completely misses the dire elephant.
Your yaktaur shoots a bolt.
The bolt hits the vault guard!
You feel better.
The runic seals fade away.
Your brown ugly thing tail-slaps the dire elephant!
The dire elephant dies!
The vault warden hits your wizard with a +4 great sword of draining!!!
Your wizard dies!
Your wizard's corpse dissolves into shadows!
Electricity crackles from the ironbound thunderhulk's apparatus.
The bolt of lightning hits you. You resist.
* * * LOW HITPOINT WARNING * * *
The vault guard hits your sphinx with a +0 long sword!
Your yaktaur hits the vault guard!
Your sphinx casts a spell.
The vault guard appears confused.
Your yaktaur shoots a bolt.
The bolt hits the vault warden!
You open the door.
Your yaktaur barely misses the vault warden.
Your sphinx hits the vault warden!
Your sphinx hits the vault warden but does no damage. x2
You block the vault warden's attack.
Your yaktaur unwields a +0 arbalest.
Your yaktaur hits the vault guard.
Electricity crackles from the ironbound thunderhulk's apparatus.
The bolt of lightning hits you! You resist.
* * * LOW HITPOINT WARNING * * *
Your brown ugly thing basks in the mutagenic energy from its kin and changes!
Your sphinx hits the vault warden!
Your sphinx closely misses the vault warden.
Your sphinx hits the vault warden but does no damage.
Your yaktaur hits the vault warden!
The vault warden hits you with a +4 great sword of draining!
You die...

.......#.### .......'.#
######+##'######
#......##.......
#......##.......
#####......##.......
##...#...>..##.......
##.)c.#......##.......
##..cH8'......##.......
##.puup#####+####)######
##..c.O###.....[.....#
#...Y.## #......[....#
+..)Y## #...[.......#
+..)## #........(..#
###O# #...........#
....[)# #...........#
.....O.)# #+###########


You could see 2 dire elephants, a vault warden (ally target), 2 ironbound
thunderhulks, a vault guard (confused, ally target), a friendly sphinx
(summoned), 2 friendly ugly things and 3 friendly yaktaurs.

Vanquished Creatures
  Bai Suzhen (Vaults:2)
  Nikola (Vaults:2)
  A sphinx (Vaults:3)
  Agnes (Snake:1)
  Donald (Snake:3)
  Roxanne (D:15)
  8 nagarajas (Snake:4)
  8 vault wardens
  Louise (D:14)
  Aizul (Snake:2)
  A stone giant (Vaults:1)
  14 ironbound preservers
  A war gargoyle (Vaults:1)
  5 dire elephants
  An entropy weaver (Vaults:1)
  Snorg (Lair:5)
  8 yaktaur captains
  A rakshasa (D:14)
  2 ironbound thunderhulks
  2 salamander tyrants (Snake:4)
  2 peacekeepers
  7 vault guards
  An ice dragon (D:13)
  11 hydras
  3 great orbs of eyes
  8 naga warriors
  5 ironbound frosthearts
  4 catoblepae
  10 anacondas
  4 boulder beetles
  16 centaur warriors
  2 ogre magi
  10 two-headed ogres
  3 tengu warriors
  7 orc high priests (Orc:2)
  9 shock serpents
  3 death yaks (Lair:6)
  12 naga sharpshooters
  A sixfirhy (Orc:2)
  A salamander mystic (Snake:4)
  An iron troll (D:9)
  3 sea snakes (Snake:2)
  28 deep trolls
  A tengu zombie (Vaults:4)
  6 skeletal warriors
  3 gelid demonspawn (Orc:2)
  A torturous demonspawn (Orc:2)
  9 ironbound convokers
  6 naga ritualists
  7 wizards
  Pikel (D:8)
  A phantasmal warrior (Vaults:1)
  A deep elf archer (D:13)
  5 orc knights
  6 deep elf pyromancers
  2 deep elf zephyrmancers
  11 mana vipers
  6 lindwurms
  12 ugly things
  An orb spider (shapeshifter) (D:13)
  2 necromancers
  9 orc sorcerers
  4 oklob plants
  6 cyclopes
  5 manticores
  A salamander (shapeshifter) (Vaults:4)
  Maurice (Orc:1)
  A human skeleton (Vaults:4)
  A merfolk siren (Lair:3)
  2 elephants (Lair:6)
  4 salamanders
  An elf zombie (Vaults:4)
  11 vault sentinels
  5 guardian serpents
  20 naga magi
  42 black mambas
  2 gargoyles
  13 cane toads
  4 torpor snails
  Maggie (D:8)
  An unseen horror (D:12)
  3 kobold demonologists
  A freezing wraith (Vaults:2)
  6 rime drakes
  A hellwing (Orc:2)
  A komodo dragon (shapeshifter) (Vaults:4)
  9 komodo dragons
  A tengu conjurer (D:14)
  19 yaktaurs
  A queen bee (shapeshifter) (D:13)
  13 trolls
  A jumping spider (Vaults:1)
  3 polar bears
  11 slime creatures
  12 dream sheep
  3 redbacks (Vaults:1)
  A spriggan (Lair:4)
  A ynoxinul (Orc:2)
  76 yaks
  7 wyverns
  A golden eye (shapeshifter) (D:14)
  4 basilisks
  A steam dragon (D:7)
  3 vampire mosquitoes (D:11)
  A warg (Orc:1)
  41 nagas
  4 acid dragons
  15 water moccasins
  A hornet zombie (D:15)
  A swamp drake (D:9)
  30 orc warriors
  3 sky beasts
  3 necrophages
  3 wolves
  12 ogres
  8 centaurs
  A phantom (D:4)
  2 human zombies (Vaults:4)
  Blork the orc (D:6)
  6 kobold brigands
  9 bullfrogs
  2 wyvern zombies
  A water moccasin zombie (D:5)
  A water moccasin skeleton (D:4)
  4 wights (D:9)
  4 howler monkeys (D:7)
  4 electric eels
  3 centaur zombies
  3 hounds
  2 jellies
  27 orc priests
  6 centaur skeletons
  2 gnoll shamans
  Jessica (D:3)
  An iguana (D:7)
  20 orc wizards
  A hound skeleton (D:5)
  A howler monkey zombie (D:6)
  A howler monkey skeleton (D:6)
  12 gnolls
  4 adders
  A white imp (D:8)
  An adder skeleton (D:4)
  3 worms
  A dart slug (D:3)
  68 orcs
  6 ball pythons
  5 endoplasms
  6 giant cockroaches
  5 goblins
  5 hobgoblins
  2 jackals (D:1)
  3 quokkas
  5 bats
  13 kobolds
  8 rats
978 creatures vanquished.

Vanquished Creatures (collateral kills)
  A dire elephant (Vaults:4)
  A vault guard (Vaults:4)
  A slime creature (Vaults:4)
3 creatures vanquished.

Vanquished Creatures (others)
  An orc priest (Orc:2)
  An orc wizard (Orc:1)
  754 fulminant prisms
  43 fungi
  80 plants
879 creatures vanquished.

Grand Total: 1860 creatures vanquished

Notes
Turn   | Place    | Note
-------+----------+-------------------------------------------
     0 | D:1      | Zenkrye the Demigod Conjurer began the quest for the Orb.
     0 | D:1      | Reached XP level 1. HP: 14/14 MP: 5/5
   291 | D:1      | Reached XP level 2. HP: 10/20 MP: 1/7
   667 | D:1      | Learned a level 2 spell: Searing Ray
   750 | D:1      | Reached skill level 4 in Conjurations
  1037 | D:2      | Reached XP level 3. HP: 26/26 MP: 5/9
  1984 | D:3      | Reached XP level 4. HP: 33/33 MP: 5/11
  2038 | D:3      | Noticed Jessica
  2043 | D:3      | Noticed an ogre
  2052 | D:2      | Learned a level 4 spell: Iskenderun's Mystic Blast
  2292 | D:3      | Killed Jessica
  2784 | D:3      | Reached skill level 1 in Translocations
  2865 | D:3      | Killed an ogre
  2866 | D:3      | Reached skill level 5 in Conjurations
  2866 | D:3      | Reached XP level 5. HP: 38/38 MP: 6/13
  3501 | D:4      | Reached XP level 6. HP: 36/45 MP: 14/14
  4218 | D:4      | Reached XP level 7. HP: 50/50 MP: 10/16
  4643 | D:5      | Entered Level 5 of the Dungeon
  4738 | D:5      | Reached skill level 6 in Conjurations
  4931 | D:5      | Found a runed translucent gate.
  4931 | D:5      | Found a runed translucent gate.
  4933 | D:5      | Found a runed translucent gate.
  4935 | D:5      | Noticed SkeletonJelly's ghost (novice VSTm)
  4935 | D:5      | Noticed Rennog's ghost (novice NaFi)
  5169 | D:5      | Reached skill level 5 in Spellcasting
  5169 | D:5      | Reached skill level 7 in Conjurations
  5390 | D:5      | Identified the amulet "Qemnyhe" {Faith Slay+2}
  5584 | D:6      | Reached XP level 8. HP: 57/57 MP: 15/19
  5659 | D:6      | Noticed a boulder beetle
  5712 | D:7      | Reached skill level 8 in Conjurations
  5786 | D:7      | Learned a level 4 spell: Fulminant Prism
  5926 | D:7      | Reached skill level 1 in Hexes
  5980 | D:7      | Reached skill level 9 in Conjurations
  6179 | D:7      | Found a staircase to the Ecumenical Temple.
  7053 | D:8      | Noticed a two-headed ogre
  7441 | D:6      | Reached XP level 9. HP: 62/62 MP: 20/20
  7669 | D:6      | Noticed Blork the orc
  7762 | D:6      | Killed Blork the orc
  7998 | D:8      | Noticed Maggie
  8007 | D:8      | Killed Maggie
  8008 | D:8      | Reached skill level 10 in Conjurations
  8157 | D:8      | Killed a two-headed ogre
  8158 | D:8      | Reached skill level 11 in Conjurations
  8495 | D:8      | Noticed Pikel
  8504 | D:8      | Killed Pikel
  8724 | D:8      | Noticed a komodo dragon
  8735 | D:8      | Killed a komodo dragon
  8736 | D:8      | Reached skill level 12 in Conjurations
  8813 | D:8      | Reached XP level 10. HP: 63/69 MP: 13/21
  8883 | D:8      | Found a staircase to the Lair.
  8897 | D:8      | Learned a level 3 spell: Ignite Poison
  9398 | D:9      | Found a staircase to the Orcish Mines.
  9730 | D:9      | Reached skill level 1 in Fighting
  9735 | D:9      | Reached skill level 1 in Transmutations
  9744 | D:9      | Reached skill level 1 in Fire Magic
  9744 | D:9      | Reached skill level 1 in Poison Magic
 10012 | D:9      | Noticed an iron troll
 10195 | D:9      | Noticed a deep troll
 11321 | D:9      | Killed an iron troll
 11686 | D:9      | Killed a deep troll
 11687 | D:9      | Reached XP level 11. HP: 81/81 MP: 12/23
 11692 | D:9      | Learned a level 4 spell: Olgreb's Toxic Radiance
 11849 | D:10     | Entered Level 10 of the Dungeon
 11853 | D:10     | Noticed a two-headed ogre
 12027 | D:10     | Found Gozag's Platinum Reserve.
 12101 | D:10     | Killed a two-headed ogre
 12108 | D:10     | Noticed a tengu warrior
 12132 | D:10     | Killed a tengu warrior
 12146 | D:10     | Noticed Harold
 12952 | Lair:1   | Entered Level 1 of the Lair of Beasts
 12961 | Lair:1   | Reached skill level 1 in Shields
 12982 | Lair:1   | Reached skill level 13 in Conjurations
 13223 | Lair:1   | Noticed an eight-headed hydra
 13232 | Lair:1   | Killed an eight-headed hydra
 13422 | Lair:1   | Noticed a seven-headed hydra
 13432 | Lair:1   | Killed a seven-headed hydra
 13602 | Lair:1   | Noticed an eight-headed hydra
 13631 | Lair:1   | Killed an eight-headed hydra
 14576 | Lair:2   | Noticed a four-headed hydra
 14693 | Lair:2   | Reached skill level 5 in Dodging
 14709 | Lair:2   | Noticed a four-headed hydra
 14728 | Lair:2   | Killed a four-headed hydra
 14878 | Lair:2   | Reached XP level 12. HP: 9/93 MP: 8/26
 14983 | Lair:2   | Killed a four-headed hydra
 14984 | Lair:2   | Reached skill level 5 in Fighting
 15117 | Lair:2   | Reached skill level 5 in Poison Magic
 15484 | Lair:2   | Found a staircase to the Snake Pit.
 16398 | Lair:3   | Noticed a boulder beetle
 17101 | Lair:3   | Identified the +11 hand axe "Mypao" {vorpal, Str+4}
 17182 | Lair:3   | Noticed an eight-headed hydra
 17199 | Lair:3   | Killed an eight-headed hydra
 17360 | Lair:3   | Found a staircase to the Shoals.
 17954 | Lair:4   | Reached skill level 5 in Shields
 18359 | Lair:4   | Reached skill level 14 in Conjurations
 18495 | Lair:4   | Reached skill level 5 in Fire Magic
 18502 | Lair:4   | Noticed a four-headed hydra
 18516 | Lair:4   | Killed a four-headed hydra
 18517 | Lair:4   | Reached XP level 13. HP: 105/105 MP: 6/29
 19561 | Lair:4   | Learned a level 6 spell: Starburst
 19612 | Lair:5   | Noticed Snorg
 19623 | Lair:5   | Killed Snorg
 20751 | Lair:5   | Found a staircase to the Slime Pits.
 21061 | Orc:1    | Entered Level 1 of the Orcish Mines
 21861 | Orc:1    | Found Atut Cepp's Armour Shoppe.
 22083 | Orc:2    | Entered Level 2 of the Orcish Mines
 22148 | Orc:1    | Noticed Maurice
 22155 | Orc:1    | Killed Maurice
 22607 | Orc:2    | Found Goodom's Distillery.
 22696 | Orc:2    | Found Kiuxzis's General Store.
 22982 | Orc:2    | Reached skill level 15 in Conjurations
 23085 | Orc:2    | Found a staircase to the Elven Halls.
 23933 | Orc:2    | Reached XP level 14. HP: 108/118 MP: 16/31
 24336 | Orc:2    | Found Qiryene's Antique Armour Emporium.
 24336 | Orc:2    | Found Jeaho's Book Shoppe.
 24337 | Orc:2    | Found a one-way gate leading to the halls of Pandemonium.
 24381 | Orc:2    | Upgraded the game from 0.28-a0-556-gab23d0e057 to
                  | 0.28-a0-563-gf77a47075d
 24385 | Orc:2    | Learned a level 3 spell: Swiftness
 26551 | D:12     | Found a runed translucent gate.
 26551 | D:12     | Found a runed translucent gate.
 26551 | D:12     | Found a runed translucent gate.
 26552 | D:12     | Noticed Sisadib's ghost (journeyman TeBe)
 27049 | D:13     | Reached skill level 10 in Fighting
 27262 | D:13     | Reached skill level 5 in Hexes
 27581 | D:13     | Found a gate to the Vaults.
 27714 | D:13     | Found a runed translucent door.
 27718 | D:13     | Found a runed translucent door.
 27737 | D:13     | Found a runed translucent door.
 27754 | D:13     | Found a runed translucent door.
 28361 | D:14     | Reached skill level 1 in Air Magic
 28703 | D:14     | Reached skill level 10 in Spellcasting
 29210 | D:14     | Noticed Louise
 29280 | D:15     | Entered Level 15 of the Dungeon
 29281 | D:15     | Identified Roxanne's Compendium of Earth
 29281 | D:15     | Noticed Roxanne
 29467 | D:15     | Reached skill level 5 in Transmutations
 29494 | D:15     | Reached XP level 15. HP: 111/128 MP: 14/34
 29654 | D:15     | Killed Roxanne
 29751 | D:15     | Found a runed translucent door.
 29757 | D:15     | Found a runed translucent door.
 29758 | D:15     | Noticed a shadow dragon
 29760 | D:15     | Noticed a lich
 29766 | D:15     | Noticed Hefyucuh's ghost (journeyman DECj)
 30210 | D:15     | Found a staircase to the Depths.
 30711 | Orc:1    | Bought a +0 cloak of willpower for 161 gold pieces
 30711 | Orc:1    | Bought a +0 kite shield for 63 gold pieces
 30813 | Orc:2    | Bought a potion of heal wounds for 80 gold pieces
 30813 | Orc:2    | Bought a potion of magic for 128 gold pieces
 30813 | Orc:2    | Bought a potion of haste for 160 gold pieces
 30813 | Orc:2    | Bought a potion of invisibility for 128 gold pieces
 30813 | Orc:2    | Bought a potion of heal wounds for 80 gold pieces
 30813 | Orc:2    | Bought a potion of heal wounds for 80 gold pieces
 30823 | Orc:2    | Bought a potion of mutation for 128 gold pieces
 30823 | Orc:2    | Bought a potion of mutation for 128 gold pieces
 31019 | Lair:5   | Learned a level 6 spell: Statue Form
 31047 | Lair:6   | Entered Level 6 of the Lair of Beasts
 32069 | Lair:6   | Reached skill level 1 in Earth Magic
 32848 | Snake:1  | Entered Level 1 of the Snake Pit
 33011 | Snake:1  | Noticed Agnes
 33020 | Snake:1  | Killed Agnes
 33376 | Snake:1  | Found Zeohiung's Armour Shop.
 33767 | Snake:1  | Identified a scroll of acquirement
 33768 | Snake:1  | Acquired 950 gold pieces
 34867 | Snake:2  | Reached XP level 16. HP: 53/138 MP: 12/36
 35372 | Snake:2  | Noticed Aizul
 35520 | Snake:2  | Found Leepa's Jewellery Boutique.
 35521 | Snake:2  | Found Ovaff's Book Shoppe.
 35521 | Snake:2  | Found Sady's Book Shoppe.
 35587 | Snake:2  | Killed Aizul
 35650 | Snake:2  | Learned a level 6 spell: Iron Shot
 36048 | Snake:2  | Reached skill level 10 in Dodging
 36406 | Snake:3  | Found Xakhlaps's Book Shop.
 37042 | Snake:3  | Found Kopeot's Antique Armour Boutique.
 37051 | Snake:3  | Bought a glowing helmet for 255 gold pieces
 37088 | Snake:3  | Noticed Donald
 37096 | Snake:3  | Killed Donald
 37097 | Snake:3  | Reached skill level 5 in Earth Magic
 37357 | Snake:3  | Found Rurch's Antique Armour Emporium.
 37365 | Snake:3  | Bought a shiny helmet for 270 gold pieces
 37381 | Snake:3  | Bought a bloodstained ring mail for 324 gold pieces
 37381 | Snake:3  | Identified the +6 ring mail of Autotheism {rPois} (You
                  | bought it in a shop on level 3 of the Snake Pit)
 37798 | Snake:3  | Found Zesaenug's Antique Weapon Shoppe.
 37824 | Snake:4  | Entered Level 4 of the Snake Pit
 38084 | Snake:4  | Found a runed translucent door.
 38086 | Snake:4  | Noticed SkeletonJelly's ghost (adept MfCK)
 39136 | Snake:4  | Got a serpentine rune of Zot
 39822 | Vaults:1 | Entered Level 1 of the Vaults
 39828 | Vaults:1 | Reached skill level 10 in Shields
 39923 | Vaults:1 | Reached XP level 17. HP: 146/146 MP: 7/38
 42108 | D:14     | Gained mutation: Armour fits poorly on your strangely
                  | shaped body. [mutagenic glow]
 42116 | D:14     | Killed Louise
 42318 | Vaults:2 | Noticed Bai Suzhen
 42347 | Vaults:2 | Killed Bai Suzhen
 42414 | Vaults:2 | Noticed Nikola
 42422 | Vaults:2 | Killed Nikola
 42423 | Vaults:2 | Reached skill level 1 in Maces & Flails
 43592 | Vaults:2 | Found Hodghynem's Armour Shoppe.
 43731 | Vaults:2 | Reached XP level 18. HP: 157/157 MP: 16/39
 43733 | Vaults:2 | Reached skill level 10 in Earth Magic
 44122 | Vaults:2 | Noticed Mennas
 44472 | Vaults:3 | Noticed Mara
 44505 | Vaults:4 | Reached skill level 5 in Maces & Flails
 44777 | Vaults:4 | HP: 7/206 [ironbound thunderhulk/bolt of lightning[a vault
                  | warden] (15)]
 44777 | Vaults:4 | Slain by a vault warden

Illustrated notes

Levels and vault maps discovered:
D:1:      erik_arrival_triangle_small, layout_basic, minmay_misc_feat_diagonals
D:2:      layout_loops_ring
D:3:      layout_loops_ring, nicolae_overflow_hidden_temple,
          mainiacjoe_overflow_brackets, lemuel_coloured_pillars_altar,
          chequers_ecumenical_altar_simple, kennysheep_jessica_study
D:4:      layout_basic, nemelex_spade_bored_becter, minmay_misc_feat_square
D:5:      layout_loops_cross, gammafunk_ghost_cemetery
D:6:      layout_loops_corners, nicolae_overflow_crystal_walls,
          nicolae_ossuary_entry_plus, serial_bayou_pond_c, kb_rosetta,
          uniq_blork_the_orc
D:7:      layout_loops_ring, trog_three_pillars_becter, kennysheep_mini,
          minmay_temple_entry_mini_moons
D:8:      layout_cave_pools, erik_lair_dragon, uniq_pikel, uniq_maggie
D:9:      lemuel_troll_bridge, layout_loops_ring,
          nicolae_sif_muna_little_library, erik_orc_1
D:10:     layout_irregular_city, kennysheep_ying_yang,
          nicolae_gozag_zags_fifth_avenue, lemuel_crystal_altar, uniq_harold
D:11:     layout_cave_pods
D:12:     layout_loops_corners, gammafunk_ghost_split, drop_trap
D:13:     layout_basic, hangedman_vaults_entry_quadrant_bands,
          portal_ice_cave_entry_animals_and_master, minmay_statue_crystal_thing
D:14:     layout_basic, kennysheep_doodads, gauntlet_entry_generic, uniq_louise
D:15:     grunt_enter_depths_magical_seal, layout_gridville, elyvilon_altar_4,
          muffindrake_ghost_dual_entry, uniq_roxanne
Lair:1:   layout_gridlike
Lair:2:   layout_regular_city, minmay_snake_entry_guardpost_small,
          kennysheep_snail_temple
Lair:3:   layout_chaotic_city, minmay_shoals_entry_lonely_mermaid, minivault_11,
          hibernation_bobbens, grunt_megastairs_4
Lair:4:   layout_roguey, minmay_holes, grunt_forest_large_clearing_hut
Lair:5:   layout_gridlike, minmay_slime_entry_oklob_enclosed, uniq_snorg
Lair:6:   hangedman_lair_in_review, layout_loops_ring, basic_altar
Snake:1:  layout_concentric_octagons, basic_altar, serial_shops, shop,
          uniq_agnes
Snake:2:  nrook_guardian_serpent_snake_passage, layout_chambers,
          serial_bayou_shore_a, minmay_shop_grove, uniq_aizul
Snake:3:  layout_chambers, basic_altar, serial_shops,
          nicolae_shop_overgrown_old_shop, nicolae_diamond_shop, shop, shop,
          uniq_donald
Snake:4:  grunt_snake_rune_spirals, layout_onion_interference, basic_altar,
          ebering_ghost_reflecting_pool, grunt_ministairs_10
Orc:1:    layout_diamond_mine, serial_shops, shop_fountains, library_closet,
          uniq_maurice
Orc:2:    pf_orc_diabolical, layout_diamond_mine, special_room
Vaults:1: vaults_room_grid, vaults_room_pools, hangedman_vaults_snaps,
          st_diamondy, hangedman_vaults_corner_blocks, vaults_dpeg_ring,
          dpeg_vaults_monster_box, nicolae_vaults_what_the_h,
          vaults_room_door_hall, nicolae_vaults_little_squares_5,
          layout_vaults_ring
Vaults:2: minmay_crypt_entry_simple_sparse,
          nicolae_vaults_windows_and_doors_thing, v_misc_18, v_misc_23,
          grunt_vaults_hallway_short, vaults_room_hallway, v_misc_32,
          ontoclasm_vaults_eye, vaults_room_hallway, layout_vaults_big_room,
          serial_shops, shop, uniq_nikola, uniq_bai_suzhen, uniq_mennas
Vaults:3: vaults_mumra_chevron, ontoclasm_vaults_ring_small,
          vaults_mumra_minichess_inversion, nicolae_vaults_ring_of_whatevers,
          vaults_room_hallway, v_misc_16, v_misc_9, vaults_room_hallway,
          nicolae_vaults_rhombus_6, vaults_room_corners,
          nicolae_vaults_circle_grid_b, nicolae_vaults_yaktaur_gun_rack,
          vaults_dpeg_encased_lava, layout_vaults_quadrants, serial_glass,
          uniq_mara
Vaults:4: vaults_mumra_chevron_long, hangedman_vaults_corner_blocks,
          hangedman_vaults_trim, hangedman_vaults_nails,
          dpeg_vaults_monster_row, hangedman_vaults_corner_blocks,
          nicolae_vaults_diagonal_hallway_6, hangedman_vaults_restitches,
          nicolae_vaults_alarming, ontoclasm_vaults_spin, st_hourglassy,
          hangedman_vaults_corner_blocks, layout_vaults_maze_bifur, serial_glass

Skill      XL: |  1  2  3  4  5  6  7  8  9 10 11 12 13 14 15 16 17 18 |
---------------+-------------------------------------------------------+-----
Stealth        | 2 |  2.0
Spellcasting   | 2 3 4 5 6 8 9 10 11 12 | 12.0
Conjurations   | 4 5 7 9 12 13 14 15 | 15.0
Translocations | 1 2 3 |  3.0
Hexes          | 2 4 5 |  5.0
Dodging        | 2 3 5 7 8 9 10 | 10.0
Fighting       | 2 4 7 9 10 11 12 13 | 13.8
Transmutations | 2 3 5 6 8 |  8.0
Fire Magic     | 2 3 5 |  5.0
Poison Magic   | 2 4 5 |  5.0
Shields        | 3 5 6 8 10 12 | 12.8
Air Magic      | 2 3 |  3.0
Earth Magic    | 3 7 9 10 | 10.0
Maces & Flails | 4 5 |  5.7

Action                   |  1- 3 |  4- 6 |  7- 9 | 10-12 | 13-15 | 16-18 || total
-------------------------+-------+-------+-------+-------+-------+-------++-------
Melee: Dagger            |    17 |    22 |       |       |       |       ||    39
       Hand axe          |       |    12 |    64 |    17 |       |       ||    93
       Rapier            |       |       |       |    95 |   291 |   159 ||   545
       Eveningstar       |       |       |       |       |       |   125 ||   125
Throw: Boomerang         |       |       |     3 |     6 |       |       ||     9
       Dart              |       |       |       |     1 |     9 |       ||    10
       Javelin           |       |       |       |       |     2 |       ||     2
 Cast: Magic Dart        |    81 |    55 |    33 |     6 |       |       ||   175
       Searing Ray       |     4 |    23 |    44 |    24 |     3 |       ||    98
       Fulminant Prism   |       |       |    21 |   167 |   328 |   238 ||   754
       Iskenderun's Myst |       |       |    12 |    75 |   186 |    96 ||   369
       Olgreb's Toxic Ra |       |       |       |     5 |    32 |    14 ||    51
       Ignite Poison     |       |       |       |     4 |    35 |    14 ||    53
       Starburst         |       |       |       |       |    41 |    40 ||    81
       Statue Form       |       |       |       |       |     2 |    32 ||    34
       Iron Shot         |       |       |       |       |       |    76 ||    76
 Abil: End Transformatio |       |       |       |       |       |     8 ||     8
Evoke: Wand              |       |       |     1 |    11 |     4 |       ||    16
  Use: Scroll            |     5 |     3 |     6 |     2 |    11 |    12 ||    39
       Potion            |       |       |       |     1 |       |    10 ||    11
 Stab: Sleeping          |       |     1 |       |       |       |     1 ||     2
Armor: Robe              |     2 |     7 |       |       |       |       ||     9
       Ring mail         |       |     3 |    42 |       |       |       ||    45
       Acid dragon scale |       |       |     3 |    91 |    79 |       ||   173
       Troll leather arm |       |       |       |       |   154 |    58 ||   212
       Skin              |       |       |       |       |     6 |   304 ||   310
Dodge: Dodged            |    14 |    34 |    55 |   108 |   298 |   444 ||   953
Block: Buckler           |       |       |       |    25 |   202 |   183 ||   410
       Kite shield       |       |       |       |       |       |   192 ||   192

Table legend: (Time is in decaauts)
 A = Elapsed time spent in this place.
 B = Non-inter-level travel time spent in this place.
 C = Inter-level travel time spent in this place.
 D = Time resting spent in this place.
 E = Time spent auto-exploring this place.
 F = Levels seen in this place.
 G = Mean time per level.
                   A        B        C        D        E       F      G
               +--------+--------+--------+--------+--------+-----+--------+
         Total |  45845 |  42267 |   3578 |   6530 |  27250 |  31 | 1478.9 |
       Dungeon |  21054 |  19154 |   1900 |   2489 |  13289 |  15 | 1403.6 |
          Lair |   9750 |   8781 |    969 |   1724 |   5644 |   6 | 1625.0 |
     Snake Pit |   6668 |   6269 |    399 |    985 |   3710 |   4 | 1667.0 |
  Orcish Mines |   3197 |   2991 |    206 |    457 |   1789 |   2 | 1598.5 |
        Vaults |   5174 |   5072 |    102 |    874 |   2817 |   4 | 1293.5 |
               +--------+--------+--------+--------+--------+-----+--------+

Top non-repeatable levels by time:
     D:9: 2646 daAuts
Vaults:1: 2609 daAuts
     D:8: 2372 daAuts
   Orc:2: 2229 daAuts
  Lair:1: 2229 daAuts
 Snake:2: 2081 daAuts
    D:13: 1913 daAuts
Vaults:2: 1831 daAuts
  Lair:2: 1685 daAuts
 Snake:1: 1660 daAuts
  Lair:3: 1643 daAuts
 Snake:3: 1607 daAuts
  Lair:4: 1587 daAuts
    D:11: 1414 daAuts
    D:14: 1392 daAuts
